 Dungeon Crawl Stone Soup version 0.19.0-11-g3fc08b3 (webtiles) character file.

1453 mopl the Purveyor of Pain (level 8, -7/52 HPs)
             Began as a Mummy Necromancer on Nov 8, 2016.
             Was an Initiate of Kikubaaqudgha.
             Killed by divine providence
             ... invoked by an orc priest
              (14 damage)
             ... on level 6 of the Dungeon.
             The game lasted 00:14:52 (6888 turns).

mopl the Purveyor of Pain (Mummy Necromancer)       Turns: 6888, Time: 00:14:53

Health: -7/52      AC:  7    Str: 11    XL:     8   Next: 47%
Magic:  4/16       EV: 12    Int: 17    God:    Kikubaaqudgha [......]
Gold:   358        SH:  0    Dex: 16    Spells: 6 memorised, 5 levels left

rFire  x . .     SeeInvis .     a - +2 dagger (elec)
rCold  + + .     Gourm    .     p - +2 robe {MR+}
rNeg   + + +     Faith    .     (no shield)
rPois  ∞         Spirit   .     o - +1 helmet of the Commoners {rElec Dex+4}
rElec  +         Reflect  .     (no cloak)
rCorr  .         Harm     .     z - +0 pair of gloves
MR     ++...                    (no boots)
Stlth  ++........               y - amulet of rage (curse)
                                (no ring)
                                i - ring of protection from cold

@: about to teleport
A: no food or potions, fire vulnerability, cold resistance 1, negative energy
resistance 3, torment resistance, unbreathing
a: Renounce Religion


You were on level 6 of the Dungeon.
You worshipped Kikubaaqudgha.
Kikubaaqudgha was noncommittal.
You were not hungry.

You visited 2 branches of the dungeon, and saw 9 of its levels.

You collected 358 gold pieces.

Inventory:

Hand Weapons
 a - a +2 dagger of electrocution (weapon)
 b - a +0 blowgun
 c - a +0 spear
 e - a +1 dagger of protection
Missiles
 j - 2 curare-tipped needles
 n - a throwing net
 q - 2 javelins (quivered)
 u - 18 poisoned needles
Armour
 o - the +1 helmet of the Commoners (worn) {rElec Dex+4}
   (You took it off Robin on level 1 of the Dungeon)

   It affects your dexterity (+4).
   It insulates you from electricity.
 p - a +2 robe of magic resistance (worn)
 z - a +0 pair of gloves (worn)
Jewellery
 i - a ring of protection from cold (left hand)
 y - a cursed amulet of rage (around neck)
Wands
 f - a wand of random effects (15/48)
 g - a wand of lightning (1/15)
 t - a wand of random effects (31/48)
 B - a wand of teleportation (1/9)
Scrolls
 d - a scroll of fear
 h - 2 scrolls of teleportation
 k - a scroll of noise
 l - a scroll of magic mapping
 m - 3 scrolls of immolation {unknown}
 r - 2 scrolls of remove curse
 s - a scroll of blinking
 v - a scroll of fog {unknown}
 A - a scroll of brand weapon {unknown}
Books
 w - a book of Necromancy

   Spells                             Type                      Level
   a - Pain                           Necromancy                   1
   b - Animate Skeleton               Necromancy                   1
   c - Vampiric Draining              Necromancy                   3
   d - Regeneration                   Charms/Necromancy            3
   e - Animate Dead                   Necromancy                   4
   f - Control Undead                 Necromancy                   4
 x - a book of Minor Magic

   Spells                             Type                      Level
   a - Magic Dart                     Conjuration                  1
   b - Blink                          Translocation                2
   c - Call Imp                       Summoning                    2
   d - Repel Missiles                 Charms/Air                   2
   e - Slow                           Hexes                        2
   f - Conjure Flame                  Conjuration/Fire             3
   g - Mephitic Cloud                 Conjuration/Poison/Air       3


   Skills:
 - Level 1.5 Dodging
 - Level 1.5 Stealth
 + Level 5.6 Spellcasting
 * Level 9.2 Necromancy
 + Level 1.4 Translocations
 + Level 1.4 Air Magic


You had 5 spell levels left.
You knew the following spells:

 Your Spells              Type           Power        Failure   Level  Hunger
a - Pain                  Necr           ####         1%          1    N/A
b - Vampiric Draining     Necr           #####.....   1%          3    N/A
e - Blink                 Tloc           N/A          14%         2    N/A
i - Repel Missiles        Chrm/Air       #.....       17%         2    N/A
x - Animate Skeleton      Necr           N/A          1%          1    N/A
C - Control Undead        Necr           #####.....   3%          4    N/A

Dungeon Overview and Level Annotations

Branches:
Dungeon (8/15)             Temple (1/1) D:5
   Lair: D:8-11

Altars:
Ashenzari
Cheibriados
Dithmenos
Fedhas
Gozag
Hepliaklqana
Kikubaaqudgha
Makhleb
Nemelex Xobeh
Okawaru
Trog
Uskayaw
Xom
The Shining One

Shops:
D:7 (


Innate Abilities, Weirdness & Mutations

You do not eat or drink.
Your flesh is vulnerable to fire.
You are immune to poison.
Your flesh is cold resistant. (rC+)
You are immune to negative energy. (rN+++)
You are immune to unholy pain and torment.
You can survive without breathing.


Message History

Your Air Magic skill increases to level 1!
Evoking this partially-identified wand wasted a few charges.
An orc priest comes into view. It is wielding a dagger.
An orc wizard comes into view. It is wielding a dagger of flaming.
The orc wizard casts a spell at you. The puff of frost hits you! You resist.
* * * LOW HITPOINT WARNING * * *
An orc priest comes into view.
The orc priest calls down the wrath of Beogh upon you.
Beogh smites you!
* * * LOW HITPOINT WARNING * * *
Evoke which item? (* to show all) (? for menu, Esc to quit)
Zapping:
B - a wand of teleportation (will waste charges)
Press: ? - help, Shift-Dir - straight line, f - you You feel strangely unstable.
Evoking this partially-identified wand wasted a few charges.
The orc priest calls down the wrath of Beogh upon you.
Beogh smites you!
You die...
Kikubaaqudgha rasps: "You have failed me!
Welcome... oblivion!"

##..o........# .
#..##.o.....# .....
.##..##.#.....# #...#
.......#.....# #...#
.##..#o###.#### #...# #
#..#.###o# #...# #.
#..†..o..# #...#
#.##.##.##### #...# ###
#....@..###
#...###.###.........#
###.......#####....#.#
...#####.#######.#.#.#
.#.#####.........#....
...#........#.#..###.##
#.....##..#.#[#..###.#
#.....##..#...#......#
#.........#...#.######


You could see an orc priest.

Vanquished Creatures
  A hill giant (D:6)
  Grinder (D:5)
  An ice beast (D:4)
  A centaur zombie (D:6)
  An iron imp (D:8)
  3 hounds
  2 orc priests
  A jelly (D:5)
  3 orc wizards
  2 bullfrog skeletons (D:5)
  Jessica (D:2)
  3 worker ants
  Robin (D:1)
  5 adders
  5 gnolls
  A shadow imp (D:5)
  2 oozes (D:1)
  2 adder zombies
  An adder skeleton (D:4)
  7 worms
  5 leopard geckos
  16 orcs
  7 bats
  4 giant cockroaches
  6 hobgoblins
  7 jackals
  6 quokkas
  4 frilled lizards
  2 giant cockroach zombies (D:5)
  14 goblins
  6 kobolds
  3 rats
124 creatures vanquished.

Vanquished Creatures (collateral kills)
  2 leopard geckos
  2 bats
  3 goblins
7 creatures vanquished.

Grand Total: 131 creatures vanquished

Notes
Turn   | Place    | Note
-------+----------+-------------------------------------------
     0 | D:1      | mopl the Mummy Necromancer began the quest for the Orb.
     0 | D:1      | Reached XP level 1. HP: 13/13 MP: 3/3
   246 | D:1      | Reached XP level 2. HP: 19/19 MP: 0/5
   253 | D:1      | Learned a level 1 spell: Animate Skeleton
   452 | D:1      | You fall through a shaft!
   678 | D:2      | Reached XP level 3. HP: 20/24 MP: 0/6
   683 | D:2      | Learned a level 3 spell: Vampiric Draining
  1030 | D:1      | Reached skill level 5 in Necromancy
  1687 | D:2      | Reached XP level 4. HP: 17/30 MP: 0/8
  2142 | D:2      | Noticed Robin
  2365 | D:1      | Killed Robin
  2367 | D:1      | Got a crude helmet
  2378 | D:1      | Identified the +1 helmet of the Commoners {rElec Dex+4} (You took it off Robin on level 1 of the Dungeon)
  2409 | D:2      | Reached skill level 3 in Spellcasting
  2444 | D:2      | Noticed Jessica
  2448 | D:2      | Killed Jessica
  2448 | D:2      | Reached XP level 5. HP: 26/35 MP: 5/9
  2638 | D:3      | Found a shattered altar of Ashenzari.
  2651 | D:3      | Became a worshipper of Ashenzari the Shackled
  2652 | D:3      | Fell from the grace of Ashenzari
  2738 | D:3      | Learned a level 4 spell: Control Undead
  2833 | D:3      | Reached skill level 6 in Necromancy
  3175 | D:3      | Found a blossoming altar of Fedhas.
  3567 | D:4      | Learned a level 2 spell: Blink
  3756 | D:4      | Reached XP level 6. HP: 39/41 MP: 1/11
  3775 | D:4      | Found a hide-covered altar of Uskayaw.
  3776 | D:4      | Noticed a hand axe
  3776 | D:4      | Noticed a dagger
  3777 | D:4      | Noticed an ice beast
  3850 | D:4      | Killed an ice beast
  4357 | D:4      | Reached skill level 4 in Spellcasting
  4638 | D:5      | Entered Level 5 of the Dungeon
  4695 | D:5      | Was forgiven by Ashenzari
  4695 | D:5      | Reached skill level 7 in Necromancy
  4891 | D:5      | Noticed Grinder
  5221 | D:5      | Reached XP level 7. HP: 37/46 MP: 13/13
  5278 | D:5      | Learned a level 2 spell: Repel Missiles
  5397 | D:5      | Found a staircase to the Ecumenical Temple.
  5408 | Temple   | Entered the Ecumenical Temple
  5516 | Temple   | Became a worshipper of Kikubaaqudgha
  5656 | D:5      | Killed Grinder
  5656 | D:5      | Reached skill level 8 in Necromancy
  5897 | D:5      | Found a hazy altar of Hepliaklqana.
  6450 | D:6      | You fall through a shaft for 2 floors!
  6460 | D:8      | Noticed a hungry ghost
  6464 | D:8      | Found a snail-covered altar of Cheibriados.
  6478 | D:8      | Reached skill level 5 in Spellcasting
  6703 | D:7      | Found Iduunet's Antique Weapon Shop.
  6813 | D:6      | Reached XP level 8. HP: 45/52 MP: 15/15
  6861 | D:6      | Noticed a hill giant
  6874 | D:6      | Killed a hill giant
  6874 | D:6      | Reached skill level 9 in Necromancy
  6874 | D:6      | Reached skill level 1 in Translocations
  6874 | D:6      | Reached skill level 1 in Air Magic
  6888 | D:6      | Killed from afar by an orc priest

Skill      XL: |  1  2  3  4  5  6  7  8 |
---------------+-------------------------+-----
Necromancy     | 5 6 7 8 9 |  9.2
Spellcasting   | 3 4 5 |  5.6
Translocations | 1 |  1.4
Air Magic      | 1 |  1.4
Dodging        | |  1.5
Stealth        | |  1.5

Action                   |  1- 3 |  4- 6 |  7- 9 || total
-------------------------+-------+-------+-------++-------
Melee: Unarmed           |     5 |       |       ||     5
       Spear             |   112 |   108 |       ||   220
       Dagger            |       |   108 |    82 ||   190
 Fire: Blowgun           |       |     3 |       ||     3
Throw: Throwing net      |       |     3 |       ||     3
       Javelin           |       |     1 |       ||     1
 Cast: Pain              |    34 |    36 |     8 ||    78
       Animate Skeleton  |     6 |    18 |     4 ||    28
       Vampiric Draining |     1 |    19 |     9 ||    29
Invok: Renounce Religion |       |     1 |       ||     1
Evoke: Wand              |       |       |     6 ||     6
  Use: Scroll            |       |     5 |       ||     5
 Stab: Sleeping          |     4 |     3 |     5 ||    12
       Distracted        |       |     2 |       ||     2
Armor: Robe              |    29 |    58 |    16 ||   103
Dodge: Dodged            |    68 |   129 |    46 ||   243
